 Dungeon Crawl Stone Soup version 0.30.1-4-g462c640d31 (webtiles) character file.

Game seed: 15341780562619189815

91 Zeor the Cudgeller (level 4, -6/27 HPs)
             Began as a Gargoyle Gladiator on Sept 10, 2023.
             Mangled by Crazy Yiuf
             ... wielding a +4 quarterstaff of chaos
              (12 damage)
             ... on level 2 of the Dungeon.
             The game lasted 00:04:52 (1484 turns).

Zeor the Cudgeller (Gargoyle Gladiator)             Turns: 1484, Time: 00:04:52

Health: -6/27      AC: 14    Str: 17    XL:     4   Next: 57%
Magic:  3/4        EV:  8    Int: 11    God:
Gold:   109        SH:  0    Dex: 11    Spells: 3/3 levels left

rFire   . . .        a - +0 flail
rCold   . . .        (no shield)
rNeg    + . .        g - +0 chain mail
rPois   ∞            c - +0 helmet
rElec   +            n - +0 cloak
rCorr   +            (no gloves)
SInv    .            (no boots)
Will    .....        (no amulet) Stlth
                     l - ring of wizardry
HPRegen 0.24/turn    k - ring of resist corrosion
MPRegen 0.09/turn

%: wizardry (x1)
@: mighty, hasted, very quick
A: sickness immunity, AC +3, negative energy resistance 1, electricity
resistance, torment resistance 1, petrification resistance
a: no special abilities


You were on level 2 of the Dungeon.
You visited 1 branch of the dungeon, and saw 2 of its levels.

You collected 109 gold pieces.

Inventory:

Hand Weapons
 a - a +0 flail (weapon)
Missiles
 d - 3 throwing nets (quivered)
 e - a javelin
Armour
 b - a +0 leather armour
 c - a +0 helmet (worn)
 g - a +0 chain mail (worn)
 n - a +0 cloak (worn)
Jewellery
 k - a ring of resist corrosion (right hand)
 l - a ring of wizardry (left hand)
Scrolls
 j - 2 scrolls of magic mapping
 m - a scroll of vulnerability
Potions
 f - a potion of attraction
 h - a potion of curing
 i - a potion of berserk rage
 o - a potion of heal wounds {unknown}
 p - a potion of cancellation


   Skills:
 + Level 2.5 Fighting
 * Level 4.2 Maces & Flails
 + Level 2.0 Throwing
 + Level 1.0 Armour
 + Level 2.9 Dodging


You had 3 spell levels left.
You didn't know any spells.
Your spell library was empty.

Dungeon Overview and Level Annotations

Branches:
Dungeon (2/15)

Altars:

Shops:
D:1 [

Annotations:
D:2 Crazy Yiuf


Innate Abilities, Weirdness & Mutations

You are immune to sickness and miasma.
Your stone body is resilient. (AC +3)
You are immune to poison.
You resist negative energy. (rN+)
You are resistant to electric shocks. (rElec)
You are resistant to unholy torment.
You are immune to petrification.


Message History

Crazy Yiuf says, "Gum light unthinkable!"
Found a stone staircase leading down.
Okay, then.
You open the door. You closely miss Crazy Yiuf.
Crazy Yiuf flaps his cloak.
Crazy Yiuf hits you with a +4 quarterstaff of chaos.
You feel your power leaking away.
It was a potion of cancellation.
You feel magically purged.
Crazy Yiuf says, "Cholesterol hand return to song!"
Crazy Yiuf hits you but does no damage.
You hit Crazy Yiuf.
Crazy Yiuf is moderately wounded.
Crazy Yiuf hits you with a +4 quarterstaff of chaos.
You hit Crazy Yiuf.
Crazy Yiuf is moderately wounded.
Crazy Yiuf hits you but does no damage.
You closely miss Crazy Yiuf.
Crazy Yiuf is moderately wounded.
Crazy Yiuf barely misses you.
You closely miss Crazy Yiuf.
Crazy Yiuf is moderately wounded.
Crazy Yiuf hits you with a +4 quarterstaff of chaos!
Crazy Yiuf freezes you. Crazy Yiuf hits you but does no damage.
You blink.
It was a potion of haste.
You feel yourself speed up.
You sock Crazy Yiuf!
Crazy Yiuf is severely wounded.
You hit Crazy Yiuf but do no damage.
Crazy Yiuf is severely wounded.
Crazy Yiuf barely misses you.
You barely miss Crazy Yiuf.
Crazy Yiuf is severely wounded.
Crazy Yiuf cries, "Castle!"
Crazy Yiuf hits you with a +4 quarterstaff of chaos.
* * * LOW HITPOINT WARNING * * *
You feel very mighty all of a sudden.
You barely miss Crazy Yiuf.
Crazy Yiuf is severely wounded.
Crazy Yiuf hits you with a +4 quarterstaff of chaos!
You die...

▒▒ ∙▒ ▒▒▒▒▒
∙▒ ▒∙∙)▒ ∙▒
▒∙9∙▒
∙▒▒▒▒▒▒▒▒
▒∙g∙▒
∙'∙∙∙∙∙∙)>▒▒
▒▒'▒▒
∙▒▒▒▒▒▒▒▒∙∙▒
♣♣∙♣ ∙▒ ▒∙∙▒
♣∙♣♣ ∙▒▒▒
▒∙∙▒ ♣♣∙♣
∙'∙▒ ▒∙∙▒
♣∙♣♣
∙▒∙▒▒▒▒▒▒∙∙▒
♣♣∙♣♣
∙■∙∙∙∙∙∙∙∙∙▒
♣∙∙∙♣♣


You could see Crazy Yiuf.

Vanquished Creatures
  Terence (D:2)
  3 adders (D:2)
  A worm (D:2)
  A dart slug (D:1)
  7 ball pythons
  2 bats
  2 giant cockroaches
  2 goblins (D:1)
  2 hobgoblins
  A jackal (D:1)
  3 kobolds
  3 quokkas
  4 frilled lizards
  2 rats
34 creatures vanquished.

Notes
Turn   | Place    | Note
-------+----------+-------------------------------------------
     0 | D:1      | Zeor the Gargoyle Gladiator began the quest for the Orb.
     0 | D:1      | Reached XP level 1. HP: 12/12 MP: 1/1
    80 | D:1      | Reached XP level 2. HP: 17/17 MP: 2/2
   153 | D:1      | Found Satiheth's Armour Shop.
   614 | D:1      | Reached XP level 3. HP: 22/22 MP: 3/3
   865 | D:2      | Noticed Terence
   874 | D:2      | Killed Terence
   875 | D:2      | Reached skill level 1 in Armour
   875 | D:2      | Reached XP level 4. HP: 24/27 MP: 4/4
   928 | D:2      | Reached skill level 4 in Maces & Flails
  1437 | D:2      | Found a runed translucent door.
  1438 | D:2      | Noticed Crazy Yiuf
  1484 | D:2      | Mangled by Crazy Yiuf

Illustrated notes

Levels and vault maps discovered:
D:1:      dpeg_arrival_rooms_with_view, layout_loops_ring, serial_shops,
          nicolae_shop_statue_plus, serial_glass, glass_columns_a,
          glass_columns_c, glass_columns_c, glass_columns_a, glass_columns_a,
          glass_columns_b, glass_columns_a, glass_columns_a, glass_columns_a,
          glass_columns_a, glass_columns_a, glass_columns_b, glass_columns_c,
          glass_columns_b
D:2:      layout_basic, hex_intersection, uniq_crazy_yiuf_cottage, uniq_terence

Skill      XL: |  1  2  3  4 |
---------------+-------------+-----
Throwing       | 2 |  2.0
Armour         | 1 |  1.0
Maces & Flails | 4 |  4.2
Fighting       | |  2.5
Dodging        | |  2.9

Action                     |  1- 3 |  4- 6 || total
---------------------------+-------+-------++-------
  Melee: Flail             |    88 |    43 ||   131
         Punch             |     2 |       ||     2
    Use: Scroll            |     7 |       ||     7
         Potion            |       |     2 ||     2
 Armour: Leather armour    |    10 |       ||    10
         Chain mail        |    42 |    32 ||    74
  Dodge: Dodged            |    47 |    14 ||    61
